 Dungeon Crawl Stone Soup version 0.19.4-9-g45fd643 (webtiles) character file.

854 Zrik the Slasher (level 7, -2/58 HPs)
             Began as a Demigod Fighter on Feb 16, 2017.
             Slain by Crazy Yiuf
             ... wielding a +2 quarterstaff of chaos
              (14 damage)
             ... on level 5 of the Dungeon.
             The game lasted 00:17:47 (4539 turns).

Zrik the Slasher (Demigod Fighter)                  Turns: 4539, Time: 00:17:47

Health: -2/58      AC: 14    Str: 28    XL:     7   Next: 42%
Magic:  9/9        EV:  7    Int: 12    God:
Gold:   285        SH: 11    Dex: 15    Spells: 0 memorised, 6 levels left

rFire  x . .     SeeInvis .     a - +1 long sword
rCold  + . .     Gourm    .     w - +0 chain mail
rNeg   . . .     Faith    .     c - +0 shield
rPois  .         Spirit   .     e - +1 helmet
rElec  .         Reflect  .     A - +0 cloak
rCorr  .         Harm     .     q - +0 pair of gloves
MR     .....                    (no boots)
Stlth  ..........               (no amulet)
                                h - ring of stealth
                                l - ring of ice

@: mighty
A: high mp 1
a: no special abilities


You were on level 5 of the Dungeon.
You were not hungry.

You visited 1 branch of the dungeon, and saw 5 of its levels.

You collected 285 gold pieces.

Inventory:

Hand Weapons
 a - a +1 long sword (weapon)
Armour
 c - a +0 shield (worn)
 e - a +1 helmet (worn)
 q - a +0 pair of gloves (worn)
 w - a +0 chain mail (worn)
 A - a +0 cloak (worn)
Jewellery
 h - a ring of stealth (right hand)
 k - a +5 amulet of reflection {unknown}
 l - a ring of ice (left hand)
 t - an uncursed ring of magical power {unknown}
Wands
 o - a wand of iceblast (3/15)
Scrolls
 b - 2 scrolls of identify
 m - a scroll of magic mapping
 v - a scroll of recharging {unknown}
 x - a scroll of enchant armour {unknown}
 y - a scroll of random uselessness {unknown}
 z - a scroll of remove curse
Potions
 f - a potion of lignification {unknown}
 j - 5 potions of flight
 n - a potion of brilliance {unknown}
 p - 3 potions of mutation {unknown}
 r - 2 potions of degeneration {unknown}
 s - 2 potions of invisibility {unknown}
 u - 2 potions of heal wounds {unknown}
Comestibles
 g - 2 beef jerkies
 i - a royal jelly


   Skills:
 + Level 3.9 Fighting
 + Level 5.1 Long Blades
 + Level 4.3 Armour
 + Level 1.8 Dodging
 + Level 1.1 Stealth
 + Level 4.4 Shields


You had 6 spell levels left.
You didn't know any spells.

Dungeon Overview and Level Annotations

Branches:
Dungeon (5/15)
 Temple: D:4-7

Annotations:
D:5 Crazy Yiuf


Innate Abilities, Weirdness & Mutations

You have an increased reservoir of magic. (+10% MP)


Message History

Blork the orc is moderately wounded.
Blork the orc barely misses you.
You hit Blork the orc but do no damage.
Blork the orc is moderately wounded.
Blork the orc gestures at you while chanting.
The puff of frost hits you!
You slash Blork the orc!
Blork the orc is severely wounded.
Blork the orc hits you but does no damage.
You are electrocuted!
* * * LOW HITPOINT WARNING * * *
You hit Blork the orc.
Blork the orc is severely wounded.
Blork the orc hits you with a war axe of electrocution.
* * * LOW HITPOINT WARNING * * *
You feel very mighty all of a sudden. Blork the orc completely misses you.
You riposte.
You slice Blork the orc!!
You kill Blork the orc!
Crazy Yiuf hits you but does no damage.
You are electrocuted!
You die...

#....###
#....# #.
♣....♣ #.
♣♣...♣ #.#
##### ♣♣.♣♣
#.## #....
♣♣.♣ #..#
#.... ♣.♣♣
#..# #....
♣♣.♣
#..#####....
♣@♣♣
#...........
#g#
#..#####....
...
#..#########
#...#
#........# #
#)..#
#........# #
#####
#........# #
#........# #
##....(...#
#
#.........#
#


You could see Crazy Yiuf.

Vanquished Creatures
  Sigmund (D:4)
  An ogre (D:4)
  Blork the orc (D:5)
  2 scorpions
  A crimson imp (D:3)
  A hound (D:4)
  An orc wizard (D:4)
  3 orc priests
  An iguana (D:4)
  A worker ant (D:4)
  A hound skeleton (D:4)
  A howler monkey zombie (D:5)
  7 adders
  A worm (D:3)
  2 dart slugs (D:1)
  6 leopard geckos
  16 orcs
  3 ball pythons
  8 giant cockroaches
  10 goblins
  6 hobgoblins
  5 jackals
  14 kobolds
  3 quokkas (D:3)
  9 bats
  3 frilled lizards
  A jackal skeleton (D:5)
  A quokka zombie (D:5)
  3 rats
113 creatures vanquished.

Notes
Turn   | Place    | Note
-------+----------+-------------------------------------------
     0 | D:1      | Zrik the Demigod Fighter began the quest for the Orb.
     0 | D:1      | Reached XP level 1. HP: 18/18 MP: 3/3
   603 | D:1      | Reached XP level 2. HP: 23/25 MP: 4/4
   827 | D:1      | Reached skill level 2 in Long Blades
  1461 | D:2      | Reached XP level 3. HP: 30/30 MP: 5/5
  1806 | D:3      | Reached XP level 4. HP: 16/38 MP: 6/6
  2092 | D:3      | Found a bloodstained altar of Trog.
  2288 | D:3      | Reached skill level 3 in Long Blades
  2483 | D:3      | Reached XP level 5. HP: 44/45 MP: 7/7
  2736 | D:4      | Found a burning altar of Makhleb.
  2736 | D:4      | Found a glowing silver altar of Zin.
  2737 | D:4      | Noticed an angel
  2737 | D:4      | Noticed a green death
  2762 | D:4      | Reached skill level 1 in Dodging
  3066 | D:4      | Reached XP level 6. HP: 19/51 MP: 8/8
  3391 | D:4      | Reached skill level 1 in Stealth
  3397 | D:4      | Reached skill level 4 in Long Blades
  3645 | D:4      | Noticed Sigmund
  3676 | D:4      | Killed Sigmund
  3685 | D:4      | Reached XP level 7. HP: 23/57 MP: 9/9
  4272 | D:5      | Entered Level 5 of the Dungeon
  4497 | D:5      | Reached skill level 5 in Long Blades
  4522 | D:5      | Found a runed door.
  4526 | D:5      | Noticed Crazy Yiuf
  4526 | D:5      | Noticed Blork the orc
  4538 | D:5      | Killed Blork the orc
  4539 | D:5      | Slain by Crazy Yiuf

Skill      XL: |  1  2  3  4  5  6  7 |
---------------+----------------------+-----
Long Blades    | 2 3 4 5 |  5.1
Shields        | 3 4 |  4.4
Armour         | 3 4 |  4.3
Fighting       | 3 |  3.9
Dodging        | 1 |  1.8
Stealth        | 1 |  1.1

Action                   |  1- 3 |  4- 6 |  7- 9 || total
-------------------------+-------+-------+-------++-------
Melee: Long sword        |   159 |   196 |    67 ||   422
  Use: Scroll            |     7 |       |       ||     7
       Potion            |       |     5 |     1 ||     6
 Stab: Sleeping          |       |     1 |       ||     1
  Eat: Bread ration      |     1 |       |       ||     1
       Chunk             |       |     4 |       ||     4
       Meat ration       |       |       |     1 ||     1
       Pizza             |       |       |     1 ||     1
Armor: Scale mail        |    93 |    68 |     9 ||   170
       Chain mail        |       |       |    13 ||    13
Dodge: Dodged            |    57 |    58 |    17 ||   132
Block: Shield            |   101 |   110 |    29 ||   240
       Rpst.: Long sword |    23 |    10 |     6 ||    39
